 Dungeon Crawl Stone Soup version 0.24-a0-415-g6d73c25c48 (webtiles) character file.

Game seed: 3065094190317127870

302180 wizzywiggle the Severer (level 20, -1/162 HPs)
             Began as a Demonspawn Berserker on June 7, 2019.
             Was the Champion of Trog.
             Slain by an ettin
             ... wielding a +0 great mace
              (16 damage)
             ... on level 3 of the Vaults.
             The game lasted 02:19:30 (49262 turns).

wizzywiggle the Severer (Demonspawn Berserker)     Turns: 49262, Time: 02:19:31

Health: -1/162     AC: 36    Str: 23    XL:     20   Next: 55%
Magic:  0/29       EV: 10    Int: 11    God:    Trog [******]
Gold:   1571       SH: 19    Dex: 16    Spells: 19/19 levels left

rFire    + . .     SeeInvis +   a - +6 broad axe (elec)
rCold    + + +     Gourm    .   b - +0 shield
rNeg     . . .     Faith    .   C - +3 shadow dragon scales
rPois    +         Spirit   +   N - +2 hat {MR+}
rElec    .         Reflect  +   i - +2 cloak {rPois}
rCorr    .         Harm     .   A - +3 pair of gloves of the Valley {MR+}
MR       ++++.     Clarity  +   q - +1 pair of boots "Amerum" {rC+}
Stlth    ++........             m - +5 amulet of reflection
HPRegen  0.37/turn              T - ring "Vogach" {+Fly rF+ rC+ MR+ Stlth+}
MPRegen  0.42/turn              d - ring "Dautof" {Str+2 Slay+2}

@: glowing, studying Evocations
A: hooves 2, slimy green scales 3, see invisible, blink, clarity, cold
resistance 1, foul stench 2, magic shield, magic regeneration, rot immunity
}: 1/15 runes: gossamer
a: Blink, Berserk, Trog's Hand, Brothers in Arms, Renounce Religion, Evoke
Flight


You were on level 3 of the Vaults.
You worshipped Trog.
Trog was exalted by your worship.
You were not hungry.

You visited 6 branches of the dungeon, and saw 33 of its levels.
You also visited: Ossuary.

You collected 4895 gold pieces.
You spent 3324 gold pieces at shops.

Inventory:

Hand Weapons
 a - a +6 broad axe of electrocution (weapon)
 f - a +1 antimagic broad axe
Missiles
 L - a throwing net (quivered)
 Y - 7 boomerangs of dispersal
Armour
 b - a +0 shield (worn)
 i - a +2 cloak of poison resistance (worn)
 q - the +1 pair of boots "Amerum" (worn) {rC+}
   (You bought it in a shop on level 2 of the Orcish Mines)

   It protects you from cold.
 A - the +3 pair of gloves of the Valley (worn) {MR+}
   (You took it off Nikola on level 2 of the Spider Nest)

   It affects your resistance to hostile enchantments.
 C - +3 shadow dragon scales (worn)
 N - a +2 hat of magic resistance (worn)
Jewellery
 d - the ring "Dautof" (right hand) {Str+2 Slay+2}
   (You took it off a deep elf death mage on level 3 of the Elven Halls)

   [ring of strength]

   It affects your strength (+2).
   It affects your accuracy and damage with ranged weapons and melee attacks
   (+2).
 m - a +5 amulet of reflection (around neck)
 s - the ring "Xeseoj" {rElec rF+ rCorr Dex+2}
   (You bought it in a shop on level 1 of the Elven Halls)

   [ring of resist corrosion]

   It affects your dexterity (+2).
   It protects you from fire.
   It insulates you from electricity.
   It provides partial protection from all sources of acid and corrosion.
 T - the ring "Vogach" (left hand) {+Fly rF+ rC+ MR+ Stlth+}
   (You took it off a death knight on level 10 of the Dungeon)

   [ring of protection from cold]

   It protects you from fire.
   It protects you from cold.
   It affects your resistance to hostile enchantments.
   It lets you fly.
   It makes you more stealthy.
Wands
 l - a wand of clouds (1)
 n - a wand of polymorph (11)
 u - a wand of digging (5)
 B - a wand of iceblast (38)
 F - a wand of paralysis (17)
 P - a wand of enslavement (13)
 X - a wand of disintegration (12)
 Z - a wand of acid (28)
Scrolls
 j - 18 scrolls of remove curse
 k - 9 scrolls of teleportation
 o - 4 scrolls of fog
 w - 4 scrolls of identify
 y - 7 scrolls of blinking
 G - 5 scrolls of magic mapping
 I - 7 scrolls of fear
 R - 2 scrolls of silence
Potions
 g - 4 potions of agility
 r - 5 potions of might
 t - 7 potions of cancellation
 v - 4 potions of heal wounds
 x - 14 potions of curing
 z - a potion of invisibility
 H - 3 potions of flight
 J - 4 potions of ambrosia
 O - 2 potions of magic
 Q - 5 potions of haste
 W - a potion of resistance
Books
 M - a manual of Evocations
Miscellaneous
 h - a lamp of fire
 p - a lightning rod (4/4)
 D - a fan of gales
 K - a phial of floods
 S - a sack of spiders
 U - 2 phantom mirrors
 V - 4 boxes of beasts
Comestibles
 c - 47 rations
 E - 4 chunks of flesh


   Skills:
 + Level 15.3 Fighting
 - Level 18.5(19.1) Axes
   Level 9.1(14.9) Maces & Flails
 - Level 1.0 Throwing
 * Level 14.7 Armour
 + Level 2.2 Dodging
 - Level 5.9 Stealth
 - Level 15.0 Shields
 * Level 12.6 Evocations


You had 19 spell levels left.
You didn't know any spells.
Your spell library was empty.

Dungeon Overview and Level Annotations

Branches:
Dungeon (15/15)            Temple (0/1) D:5            Lair (6/6) D:8
 Shoals (0/4) Lair:4       Spider (4/4) Lair:2        Slime (0/5) Lair:5
    Orc (2/2) D:10            Elf (3/3) Orc:2        Vaults (3/5) D:13
 Depths (0/5) D:15
  Crypt: Vaults:2-3

Altars:
Ashenzari
Dithmenos
Fedhas
Hepliaklqana
Kikubaaqudgha
Okawaru
Trog
Uskayaw
Vehumet
Xom
Zin
The Shining One
Beogh
Jiyva

Shops:
Orc:2 }[(}   Elf:1 }}=!   Vaults:2 (

Annotations:
Elf:1 6 runed translucent doors
Elf:3 1 exclusion
Vaults:3 Mennas


Innate Abilities, Weirdness & Mutations

You have hoof-like feet.
You are completely covered in slimy green scales. (AC +4, rPois)
You frequently emit foul miasma when damaged in melee.
When hurt, damage is shared between your health and your magic reserves.
You regenerate magic rapidly.
You are immune to rotting.
You have supernaturally acute eyesight. (SInv)
You can translocate small distances at will.
You possess an exceptional clarity of mind.
Your flesh is cold resistant. (rC+)


Message History

Mennas blocks your attack.
You slice the ettin!! Lightning courses through the ettin!!
Mennas hits you with a +0 trishula of holy wrath!
You convulse!
Mennas hits you but does no damage. You block the ettin's attack. x2
Mennas blocks your attack.
You hit the ettin.
Mennas becomes audible again.
Mennas hits you with a +0 trishula of holy wrath!
* * * LOW HITPOINT WARNING * * *
You convulse.
* * * LOW HITPOINT WARNING * * *
You emit a cloud of foul miasma!
You block Mennas's attack.
Mennas hits you with a +0 trishula of holy wrath.
* * * LOW HITPOINT WARNING * * *
You convulse.
* * * LOW HITPOINT WARNING * * *
Mennas hits you with a +0 trishula of holy wrath!
* * * LOW HITPOINT WARNING * * *
You convulse!
* * * LOW HITPOINT WARNING * * *
The ettin hits you with a +0 great mace!!
You die...

.######## .#......#
.# #. .#......# ..
.. .#......# .# #.
.#......# #. .#
.#......# ##.# #.##
.'......# #.OO ...#
##'#######
#OOC#A..#
.........# #@#
.........# ##.##
.........# #...#
.........# #...#
.........########'#
.........'........#
...(.....#........#
.........'........#
.........'........#


You could see Mennas, an ettin, an ogre mage and 3 ogres.

Vanquished Creatures
  Nikola (Spider:2)
  Arachne (Spider:4)
  The ghost of Piajug the Crack Shot, an adept CeHu of Okawaru (Elf:2)
  3 deep elf blademasters
  2 deep elf master archers (Elf:3)
  Gastronok (Orc:1)
  A sphinx (Vaults:3)
  Agnes (Spider:1)
  Donald (Spider:4)
  3 deep elf sorcerers (Elf:3)
  The ghost of nikopol the Sorcerer, an adept DEFE of Vehumet (Spider:4)
  6 emperor scorpions (Spider:4)
  A frost giant (Vaults:2)
  3 vault wardens
  6 ghost moths
  11 ironheart preservers
  5 deep elf elementalists (Elf:3)
  2 entropy weavers
  Nessos (Orc:2)
  3 stone giants
  5 deep elf demonologists
  7 deep elf annihilators (Elf:3)
  2 spark wasps
  6 deep elf death magi
  An ettin (Vaults:3)
  4 fire dragons
  3 yaktaur captains
  7 ogre magi
  3 deep elf high priests
  9 vault guards
  An ice dragon (Vaults:2)
  2 rakshasas
  Erolcha (Orc:1)
  6 hydras
  A catoblepas (Lair:6)
  10 centaur warriors
  21 two-headed ogres
  4 death yaks (Lair:6)
  A death knight (Vaults:1)
  25 dancing weapons
  2 deep troll earth magi
  3 deep troll shamans
  A tengu warrior (D:15)
  4 orc high priests
  Urug (Lair:6)
  Nergalle (Lair:3)
  21 deep elf knights
  A large abomination (Elf:3)
  A shadow wraith (Vaults:3)
  29 slime creatures
  A fire crab (shapeshifter) (D:15)
  9 skeletal warriors
  2 glowing orange brains
  A hell knight (Vaults:2)
  3 flayed ghosts
  5 deep trolls
  23 deep elf archers
  5 unseen horrors
  Pikel (D:5)
  A wizard (D:15)
  9 ironbrand convokers
  A harpy (Vaults:2)
  34 wolf spiders
  12 orc knights
  A human zombie (Vaults:3)
  2 orc sorcerers
  67 deep elf magi
  38 ugly things
  A necromancer (Vaults:3)
  A salamander (shapeshifter) (Vaults:2)
  A tengu skeleton (Vaults:3)
  13 orb spiders
  5 manticores
  6 cyclopes
  11 elephants
  A merfolk siren (Lair:4)
  A black mamba (shapeshifter) (D:14)
  A human skeleton (Vaults:3)
  A guardian serpent (shapeshifter) (Vaults:1)
  Psyche (D:8)
  2 centaur zombies
  A black mamba (Lair:6)
  A torpor snail (Lair:4)
  8 vault sentinels
  A yaktaur zombie (Vaults:3)
  A gargoyle (D:13)
  A kobold demonologist (D:13)
  8 spiny frogs
  13 rime drakes
  2 freezing wraiths (D:10)
  4 komodo dragons
  20 yaktaurs
  7 trolls
  4 red devils (D:15)
  A troll (shapeshifter) (D:14)
  A merfolk (Lair:4)
  12 demonic crawlers
  A polar bear (Lair:6)
  30 jumping spiders
  10 hornets
  Grinder (D:5)
  A hornet (shapeshifter) (Elf:1)
  4 blink frogs (Lair:1)
  A tengu simulacrum (Vaults:2)
  A harpy skeleton (D:15)
  15 hippogriffs
  5 dream sheep
  2 hippogriffs (shapeshifter) (D:15)
  62 redbacks
  2 air elementals
  4 shadows
  7 wraiths
  3 fire bats (D:12)
  13 tarantellas
  A tarantella (shapeshifter) (Elf:1)
  20 wyverns
  5 water elementals
  50 yaks
  7 fire elementals
  A basilisk (shapeshifter) (D:14)
  A hog (shapeshifter) (Vaults:1)
  2 hungry ghosts
  5 basilisks
  Menkaure (Ossuary)
  A warg (shapeshifter) (Elf:2)
  6 acid dragons
  8 wargs
  2 soldier ants
  A soldier ant (shapeshifter) (D:15)
  Duvessa (D:6)
  A hell hound (Lair:6)
  8 ice beasts
  5 water moccasins
  3 porcupines
  A necrophage (D:8)
  4 phantoms
  2 black bears
  A swamp drake (Orc:1)
  2 sky beasts
  A slave (D:5)
  39 orc warriors
  An eye of draining (D:13)
  28 ogres
  5 wolves (Lair:6)
  5 boggarts (Vaults:3)
  18 centaurs
  8 crocodiles
  4 big kobolds (D:14)
  17 bullfrogs
  8 earth elementals
  2 gnoll sergeants (D:6)
  A wyvern zombie (D:14)
  Dowan (D:6)
  A water moccasin zombie (D:6)
  2 wyvern skeletons
  5 scorpions
  An elf simulacrum (Vaults:3)
  25 killer bees
  A human simulacrum (Vaults:2)
  3 wights
  5 electric eels
  9 crimson imps
  A bullfrog zombie (D:8)
  2 bullfrog skeletons
  7 hounds
  2 quasits
  Crazy Yiuf (D:7)
  2 centaur skeletons
  5 jellies
  27 orc priests
  39 orc wizards
  A gnoll shaman (D:4)
  An iron imp (Orc:1)
  3 iguanas
  9 worker ants
  3 hound skeletons
  3 mummies (Ossuary)
  A worker ant zombie (D:8)
  A howler monkey skeleton (D:6)
  7 adders
  5 gnolls (D:4)
  7 shadow imps
  A white imp (Orc:1)
  An adder skeleton (D:8)
  4 worms
  4 dart slugs
  4 leopard geckos
  127 orcs
  4 giant cockroaches
  7 gnoll zombies (Ossuary)
  4 goblins
  16 hobgoblins
  12 jackals
  4 quokkas
  3 ball pythons
  16 bats
  3 frilled lizards
  2 gnoll skeletons (Ossuary)
  4 goblin skeletons (Ossuary)
  4 goblin zombies (Ossuary)
  A hobgoblin skeleton (Ossuary)
  3 hobgoblin zombies (Ossuary)
  7 kobolds
  8 kobold skeletons (Ossuary)
  3 kobold zombies (Ossuary)
  A leopard gecko zombie (D:5)
  4 orc skeletons (Ossuary)
  5 orc zombies (Ossuary)
  4 quokka zombies
  8 rats
  6 rat skeletons (Ossuary)
  3 rat zombies (Ossuary)
  4 crawling corpses (Elf:3)
  A fungus (Lair:6)
  2 plants
1480 creatures vanquished.

Vanquished Creatures (collateral kills)
  Saint Roka (Orc:2)
  A hydra (Lair:6)
  A death knight (D:10)
  An orc sorcerer (Orc:2)
  2 orb spiders
  3 orc warriors (Orc:2)
  A killer bee (D:10)
  An orc wizard (Orc:2)
  An orc priest (Orc:2)
  5 orcs (Orc:2)
  A plant (Lair:2)
18 creatures vanquished.

Vanquished Creatures (others)
  A deep elf death mage (Elf:3)
  A deep elf knight (Elf:2)
  A deep elf archer (Vaults:1)
  2 deep elf magi
  4 elephants (Lair:4)
  A black mamba (Lair:4)
  2 spiny frogs (Lair:6)
  5 yaktaurs
  A rime drake (Lair:4)
  A queen bee (D:10)
  A jumping spider (Spider:2)
  A slime creature (Vaults:2)
  A dream sheep (Lair:4)
  5 hippogriffs
  2 wyverns (Lair:4)
  2 yaks (Lair:6)
  A water elemental (Elf:3)
  2 basilisks
  A crimson imp (D:5)
  4 orcs
  A bush (Lair:4)
  7 fungi
  14 plants
61 creatures vanquished.

Grand Total: 1559 creatures vanquished

Notes
Turn   | Place    | Note
-------+----------+-------------------------------------------
     0 | D:1      | wizzywiggle the Demonspawn Berserker began the quest for
                  | the Orb.
     0 | D:1      | Reached XP level 1. HP: 18/18 MP: 1/1
   171 | D:1      | Gained mutation: When hurt, damage is shared between your
                  | health and your magic reserves. [demonic ancestry]
   171 | D:1      | Reached XP level 2. HP: 15/24 MP: 2/2
   174 | D:1      | Reached skill level 3 in Axes
  1042 | D:2      | Reached XP level 3. HP: 29/29 MP: 3/3
  1186 | D:2      | Reached skill level 4 in Axes
  1186 | D:2      | Reached XP level 4. HP: 22/35 MP: 2/4
  1500 | D:2      | Reached ** piety under Trog
  1894 | D:3      | Found a hazy altar of Hepliaklqana.
  2414 | D:3      | Reached XP level 5. HP: 38/42 MP: 5/5
  2848 | D:4      | Found a glowing golden altar of the Shining One.
  3002 | D:4      | Reached XP level 6. HP: 33/48 MP: 3/6
  3358 | D:4      | Reached skill level 5 in Axes
  3973 | D:5      | Entered Level 5 of the Dungeon
  4006 | D:5      | Noticed Pikel
  4006 | D:5      | Noticed a slave
  4007 | D:5      | Noticed a slave
  4007 | D:5      | Noticed a slave
  4009 | D:5      | Noticed a slave
  4015 | D:5      | Killed a slave
  4032 | D:5      | Killed Pikel
  4032 | D:5      | Reached skill level 5 in Fighting
  4032 | D:5      | Reached skill level 6 in Axes
  4032 | D:5      | Gained mutation: You are immune to rotting. [demonic
                  | ancestry]
  4032 | D:5      | Reached XP level 7. HP: 34/56 MP: 3/7
  4284 | D:5      | Noticed Grinder
  4388 | D:5      | Found a staircase to the Ecumenical Temple.
  4429 | D:5      | Gained mutation: You are partially covered in slimy green
                  | scales. (AC +2) [demonic ancestry]
  4429 | D:5      | Reached XP level 8. HP: 49/62 MP: 6/8
  4439 | D:5      | Reached *** piety under Trog
  4637 | D:5      | Reached skill level 5 in Armour
  5104 | D:5      | Paralysed by Grinder for 5 turns
  5124 | D:5      | Killed Grinder
  5124 | D:5      | Reached skill level 7 in Axes
  5363 | D:6      | Gained mutation: You are mostly covered in slimy green
                  | scales. (AC +3) [demonic ancestry]
  5363 | D:6      | Reached XP level 9. HP: 13/70 MP: 3/9
  6613 | D:6      | Noticed Duvessa
  6613 | D:6      | Noticed Dowan
  6625 | D:6      | Killed Duvessa
  6631 | D:6      | Killed Dowan
  6957 | D:6      | Found a blossoming altar of Fedhas.
  6968 | D:6      | Found a shattered altar of Ashenzari.
  7119 | D:7      | Reached skill level 1 in Evocations
  7190 | D:7      | Reached skill level 8 in Axes
  7257 | D:7      | Reached skill level 1 in Shields
  7325 | D:7      | Found a sand-covered staircase.
  7332 | Ossuary  | Entered an ossuary
  7591 | Ossuary  | Reached **** piety under Trog
  7708 | Ossuary  | Noticed Menkaure
  7714 | Ossuary  | Killed Menkaure
  8167 | D:7      | Found a runed translucent door.
  8168 | D:7      | Noticed Crazy Yiuf
  8551 | D:7      | Killed Crazy Yiuf
  8683 | D:8      | Reached XP level 10. HP: 80/80 MP: 10/10
  8937 | D:8      | Noticed a manticore
  8947 | D:8      | Killed a manticore
  8948 | D:8      | Reached ***** piety under Trog
  9183 | D:8      | Noticed Psyche
  9189 | D:8      | Found a staircase to the Lair.
  9201 | D:8      | Killed Psyche
 10063 | D:9      | Noticed a two-headed ogre
 10075 | D:9      | Killed a two-headed ogre
 10075 | D:9      | Reached skill level 5 in Shields
 10662 | D:9      | Found a bloodstained altar of Trog.
 10663 | D:9      | Found an iron altar of Okawaru.
 10998 | D:9      | Gained mutation: You may emit foul miasma when damaged in
                  | melee. [demonic ancestry]
 10998 | D:9      | Reached XP level 11. HP: 89/89 MP: 11/11
 11405 | D:10     | Entered Level 10 of the Dungeon
 11486 | D:10     | Found a staircase to the Orcish Mines.
 11541 | D:10     | Reached skill level 9 in Axes
 12485 | D:10     | Reached skill level 1 in Throwing
 12722 | D:10     | Received a gift from Trog
 12979 | D:10     | Noticed an unseen horror
 12980 | D:10     | Identified the +9 mace of Leno {protect, rC+ rN+ SInv}
 12988 | D:10     | Identified the ring "Vogach" {+Fly rF+ rC+ MR+ Stlth+}
 12988 | D:10     | Noticed a death knight
 13014 | D:10     | Killed a death knight
 13018 | D:10     | Killed an unseen horror
 13732 | D:10     | Identified the cursed +0 flail of Evil {crush, rElec rF+++
                  | rC- Int+3}
 13801 | D:10     | Got a bloodstained flail
 13809 | D:10     | Gained mutation: You are frail. (-10% HP) [potion of
                  | mutation]
 13809 | D:10     | Gained mutation: Your natural rate of healing is unusually
                  | fast. [potion of mutation]
 13810 | D:10     | Lost mutation: You are frail. (-10% HP) [potion of
                  | mutation]
 13810 | D:10     | Lost mutation: Your natural rate of healing is unusually
                  | fast. [potion of mutation]
 13810 | D:10     | Gained mutation: You are somewhat resistant to further
                  | mutation. [potion of mutation]
 13810 | D:10     | Gained mutation: You have a pair of small horns on your
                  | head. [potion of mutation]
 13811 | D:10     | Lost mutation: You are somewhat resistant to further
                  | mutation. [potion of mutation]
 13811 | D:10     | Lost mutation: You have a pair of small horns on your head.
                  | [potion of mutation]
 13811 | D:10     | Gained mutation: You are clumsy. (Dex -2) [potion of
                  | mutation]
 13811 | D:10     | Gained mutation: You have supernaturally acute eyesight.
                  | (SInv) [potion of mutation]
 13811 | D:10     | Gained mutation: You are robust. (+10% HP) [potion of
                  | mutation]
 13812 | D:10     | Identified the +9 flail of Excruciating Pain {flame, rF+
                  | Str+9 Int+2} (You found it on level 10 of the Dungeon)
 13946 | D:11     | Received a gift from Trog
 14115 | D:11     | Noticed a green ugly thing
 14133 | D:11     | Killed a green ugly thing
 14133 | D:11     | Reached skill level 10 in Fighting
 14133 | D:11     | Reached skill level 1 in Maces & Flails
 14135 | D:11     | Reached XP level 12. HP: 85/106 MP: 13/13
 14412 | D:11     | Paralysed by a hornet for 1 turns
 15029 | D:12     | Found a runed translucent door.
 15050 | D:12     | Found a glowing silver altar of Zin.
 15069 | D:12     | Found a radiant altar of Vehumet.
 15078 | D:12     | Found a hazy altar of Hepliaklqana.
 15091 | D:12     | Found a hide-covered altar of Uskayaw.
 15181 | D:12     | Found a bloodstained altar of Trog.
 15210 | D:12     | Found an ancient bone altar of Kikubaaqudgha.
 16444 | D:12     | Got a scorched zirconium amulet
 16446 | D:12     | Identified the amulet of Neurosis {Spirit *Slow Int+3
                  | Dex+6} (You found it on level 12 of the Dungeon)
 16761 | D:13     | Found a gate to the Vaults.
 16761 | D:13     | Noticed a vault guard
 16761 | D:13     | Noticed a vault guard
 16761 | D:13     | Noticed a vault guard
 16761 | D:13     | Noticed a vault guard
 16761 | D:13     | Noticed a vault guard
 16762 | D:13     | Noticed a vault guard
 16762 | D:13     | Noticed a vault guard
 16762 | D:13     | Noticed a vault guard
 16771 | D:13     | Killed a vault guard
 16779 | D:13     | Killed a vault guard
 16790 | D:13     | Killed a vault guard
 16790 | D:13     | Reached skill level 5 in Maces & Flails
 16790 | D:13     | Reached skill level 10 in Shields
 16797 | D:13     | Killed a vault guard
 16798 | D:13     | Killed a vault guard
 16798 | D:13     | Killed a vault guard
 16802 | D:13     | Killed a vault guard
 16806 | D:13     | Killed a vault guard
 16806 | D:13     | Reached skill level 10 in Armour
 16891 | D:13     | Noticed a centaur warrior
 16903 | D:13     | Killed a centaur warrior
 16903 | D:13     | Gained mutation: You are completely covered in slimy green
                  | scales. (AC +4, rPois) [demonic ancestry]
 16903 | D:13     | Reached XP level 13. HP: 85/114 MP: 11/14
 17423 | D:13     | Found a glowing silver altar of Zin.
 17579 | D:13     | Received a gift from Trog
 18517 | D:14     | Reached skill level 1 in Stealth
 18595 | D:14     | Reached skill level 10 in Axes
 19045 | D:14     | Received a gift from Trog
 19571 | D:15     | Entered Level 15 of the Dungeon
 20087 | D:15     | Found a shadowy altar of Dithmenos.
 20194 | D:15     | Reached XP level 14. HP: 36/124 MP: 11/16
 20948 | D:15     | Found a staircase to the Depths.
 21450 | Lair:1   | Entered Level 1 of the Lair of Beasts
 22277 | Lair:2   | Found a hole to the Spider Nest.
 22770 | Lair:2   | Identified a scroll of acquirement
 23412 | Lair:3   | Noticed Nergalle
 23430 | Lair:3   | Killed Nergalle
 24138 | Lair:4   | Reached skill level 11 in Axes
 24424 | Lair:4   | Reached skill level 5 in Evocations
 24645 | Lair:4   | Found a staircase to the Shoals.
 24888 | Lair:4   | Got a slimy broad axe
 24889 | Lair:4   | Identified the +4 broad axe "Qughuk" {chop, *Corrode Dex+4}
                  | (You acquired it on level 4 of the Lair of Beasts)
 25067 | Lair:5   | Found a runed translucent door.
 25090 | Lair:5   | Found a viscous altar of Jiyva.
 25090 | Lair:5   | Found a staircase to the Slime Pits.
 25686 | Lair:6   | Entered Level 6 of the Lair of Beasts
 25736 | Lair:6   | Reached XP level 15. HP: 43/130 MP: 12/19
 25737 | Lair:6   | Received a gift from Trog
 25737 | Lair:6   | Reached skill level 12 in Axes
 26360 | Lair:6   | Gained mutation: Your body sometimes deteriorates upon
                  | taking damage. [mutagenic glow]
 26896 | Lair:6   | Noticed Urug
 26929 | Lair:6   | Killed Urug
 27639 | Orc:1    | Entered Level 1 of the Orcish Mines
 27639 | Orc:1    | Noticed Gastronok
 27649 | Orc:1    | Killed Gastronok
 27835 | Orc:1    | Received a gift from Trog
 28062 | Orc:1    | Reached skill level 13 in Axes
 28187 | Orc:2    | Entered Level 2 of the Orcish Mines
 28188 | Orc:2    | Found a staircase to the Elven Halls.
 28196 | Orc:2    | Noticed Nessos
 28214 | Orc:2    | Killed Nessos
 28541 | Orc:2    | Reached ****** piety under Trog
 28559 | Orc:2    | Received a gift from Trog
 28704 | Orc:2    | Found a roughly hewn altar of Beogh.
 28704 | Orc:2    | Found Ciass's Gadget Emporium.
 28865 | Orc:2    | Found a roughly hewn altar of Beogh.
 28891 | Orc:2    | Found a roughly hewn altar of Beogh.
 28988 | Orc:2    | Noticed Saint Roka
 29006 | Orc:2    | Received a gift from Trog
 29020 | Orc:2    | Killed Saint Roka
 29287 | Orc:2    | Found Kiream's Antique Armour Shop.
 29288 | Orc:2    | Found a roughly hewn altar of Beogh.
 29289 | Orc:2    | Found Oshry's Antique Weapon Boutique.
 29302 | Orc:2    | Bought a pair of crude boots for 228 gold pieces
 29302 | Orc:2    | Identified the +1 pair of boots "Amerum" {rC+} (You bought
                  | it in a shop on level 2 of the Orcish Mines)
 29308 | Orc:2    | Bought a runed cloak for 180 gold pieces
 29376 | Orc:2    | Found a roughly hewn altar of Beogh.
 29395 | Orc:2    | Found Iwkoar's Gadget Shoppe.
 29413 | Orc:2    | Bought a box of beasts for 220 gold pieces
 29413 | Orc:2    | Bought a box of beasts for 220 gold pieces
 29544 | Orc:2    | Found a roughly hewn altar of Beogh.
 29603 | Orc:2    | Lost mutation: Your body sometimes deteriorates upon taking
                  | damage. [potion of mutation]
 29603 | Orc:2    | Lost mutation: You are robust. (+10% HP) [potion of
                  | mutation]
 29603 | Orc:2    | Lost mutation: You are clumsy. (Dex -2) [potion of
                  | mutation]
 29603 | Orc:2    | Gained mutation: You can translocate small distances at
                  | will. [potion of mutation]
 29603 | Orc:2    | Gained mutation: You are clumsy. (Dex -2) [potion of
                  | mutation]
 29603 | Orc:2    | Gained mutation: You have large cloven feet. [potion of
                  | mutation]
 29604 | Orc:2    | Lost mutation: You have large cloven feet. [potion of
                  | mutation]
 29604 | Orc:2    | Lost mutation: You are clumsy. (Dex -2) [potion of
                  | mutation]
 29604 | Orc:2    | Gained mutation: Your flesh is cold resistant. (rC+)
                  | [potion of mutation]
 29604 | Orc:2    | Gained mutation: You possess an exceptional clarity of
                  | mind. [potion of mutation]
 29604 | Orc:2    | Gained mutation: You have large cloven feet. [potion of
                  | mutation]
 29706 | Orc:1    | Noticed Erolcha
 29721 | Orc:1    | Killed Erolcha
 30194 | Elf:1    | Entered Level 1 of the Elven Halls
 30568 | Elf:1    | Received a gift from Trog
 30583 | Elf:1    | Reached skill level 14 in Axes
 30585 | Elf:1    | Gained mutation: You frequently emit foul miasma when
                  | damaged in melee. [demonic ancestry]
 30585 | Elf:1    | Reached XP level 16. HP: 44/127 MP: 6/21
 31116 | Elf:1    | Found a runed translucent gate.
 31116 | Elf:1    | Found a runed translucent gate.
 31116 | Elf:1    | Found a runed translucent gate.
 31116 | Elf:1    | Found a runed translucent gate.
 31116 | Elf:1    | Found a runed translucent gate.
 31163 | Elf:1    | Noticed a shadow dragon
 31163 | Elf:1    | Noticed a storm dragon
 31265 | Elf:1    | Found a runed translucent gate.
 31631 | Elf:1    | Received a gift from Trog
 31875 | Elf:1    | Found Ypeuf's Distillery.
 33298 | Elf:1    | Found Elamait's Jewellery Emporium.
 33298 | Elf:1    | Found Jaggulal's Gadget Shop.
 33299 | Elf:1    | Found Fet Poci's Gadget Shop.
 33304 | Elf:1    | Bought a wand of acid (6) for 260 gold pieces
 33306 | Elf:1    | Bought a +5 amulet of reflection for 782 gold pieces
 33316 | Elf:1    | Bought a box of beasts for 320 gold pieces
 33318 | Elf:1    | Bought the ring "Xeseoj" {rElec rF+ rCorr Dex+2} for 858
                  | gold pieces
 33506 | Elf:2    | Received a gift from Trog
 33522 | Elf:2    | Found a frozen archway.
 33826 | Elf:2    | Found an ancient bone altar of Kikubaaqudgha.
 33930 | Elf:2    | Found a runed translucent door.
 33931 | Elf:2    | Noticed Piajug's ghost (adept CeHu)
 33980 | Elf:2    | Killed Piajug's ghost
 34116 | Elf:2    | Found a runed translucent gate.
 34116 | Elf:2    | Found a runed translucent gate.
 34117 | Elf:2    | Found a runed translucent gate.
 34184 | Elf:2    | Noticed an Executioner
 34228 | Elf:2    | Noticed a Hell Sentinel
 34413 | Elf:2    | Noticed a deep elf blademaster
 34440 | Elf:2    | Killed a deep elf blademaster
 35002 | Elf:2    | Reached XP level 17. HP: 117/135 MP: 23/23
 35061 | Elf:2    | Received a gift from Trog
 35938 | Orc:2    | Bought an ancient hand axe for 256 gold pieces
 35938 | Orc:2    | Identified the cursed +0 hand axe of Niawetyi {holy, +Rage
                  | rC+ Str+6} (You bought it in a shop on level 2 of the
                  | Orcish Mines)
 36114 | Elf:3    | Entered Level 3 of the Elven Halls
 36592 | Elf:3    | Received a gift from Trog
 37078 | Elf:3    | Noticed a deep elf blademaster
 37103 | Elf:3    | Noticed a deep elf master archer
 37107 | Elf:3    | Killed a deep elf blademaster
 37109 | Elf:3    | Identified the +2 flail of a sewer {speed, rPois rF+ rN+
                  | Dex-4}
 37111 | Elf:3    | Killed a deep elf master archer
 37111 | Elf:3    | Reached skill level 15 in Shields
 37129 | Elf:3    | Noticed a deep elf master archer
 37138 | Elf:3    | Identified the +10 rapier of Tenacity {pierce, MP+9}
 37138 | Elf:3    | Identified the ring "Dautof" {Str+2 Slay+2}
 37145 | Elf:3    | Identified the cursed ring "Luil" {*Corrode rN+++ Str-2
                  | SInv Stlth-}
 37146 | Elf:3    | Killed a deep elf master archer
 37146 | Elf:3    | Identified the +9 morningstar "Wemeocoo" {drain, *Drain
                  | +Inv MR+}
 37159 | Elf:3    | Noticed a deep elf blademaster
 37165 | Elf:3    | Reached skill level 15 in Axes
 37171 | Elf:3    | Killed a deep elf blademaster
 37896 | Spider:1 | Entered Level 1 of the Spider Nest
 37908 | Spider:1 | Received a gift from Trog
 38111 | Spider:1 | Noticed Agnes
 38131 | Spider:1 | Killed Agnes
 38273 | Spider:1 | Mutation became permanent: You have large cloven feet.
                  | [demonic ancestry]
 38273 | Spider:1 | Gained mutation: You have large cloven feet. [demonic
                  | ancestry]
 38273 | Spider:1 | Reached XP level 18. HP: 133/143 MP: 23/25
 39091 | Spider:1 | Received a gift from Trog
 39561 | Spider:2 | Identified the +3 pair of gloves of the Valley {MR+}
 39561 | Spider:2 | Noticed Nikola
 39582 | Spider:2 | Killed Nikola
 40219 | Spider:3 | Reached skill level 10 in Evocations
 41586 | Lair:5   | Reached skill level 16 in Axes
 42004 | Spider:4 | Entered Level 4 of the Spider Nest
 42088 | Spider:4 | Noticed Arachne
 42116 | Spider:4 | Killed Arachne
 42141 | Spider:4 | Received a gift from Trog
 42192 | Spider:4 | Noticed Donald
 42487 | Spider:4 | Killed Donald
 42899 | Spider:4 | Got a pitted bone amulet
 42900 | Spider:4 | Identified the amulet of Sloth {Regen+ Int+9} (You found it
                  | on level 4 of the Spider Nest)
 43562 | Spider:4 | Found a runed translucent door.
 43564 | Spider:4 | Noticed nikopol's ghost (adept DEFE)
 43756 | Spider:4 | Got a gossamer rune of Zot
 44039 | Spider:4 | Killed nikopol's ghost
 44039 | Spider:4 | Gained mutation: You have hoof-like feet. [demonic
                  | ancestry]
 44039 | Spider:4 | Reached XP level 19. HP: 152/152 MP: 26/26
 44340 | Vaults:1 | Entered Level 1 of the Vaults
 44523 | Vaults:1 | Reached skill level 17 in Axes
 45139 | Vaults:1 | Received a gift from Trog
 45431 | Vaults:1 | Received a gift from Trog
 45776 | Vaults:1 | Noticed a Brimstone Fiend
 45870 | Vaults:1 | Received a gift from Trog
 46447 | Vaults:2 | Reached skill level 5 in Stealth
 46578 | Vaults:2 | Received a gift from Trog
 46587 | Vaults:2 | Reached skill level 18 in Axes
 46755 | Vaults:2 | Gained mutation: You regenerate magic rapidly. [demonic
                  | ancestry]
 46755 | Vaults:2 | Reached XP level 20. HP: 92/160 MP: 19/28
 47115 | Vaults:2 | Found a shimmering altar of Xom.
 47337 | Vaults:2 | Received a gift from Trog
 47360 | Vaults:2 | Found Qaps's Weapon Shop.
 48468 | Vaults:3 | Reached skill level 15 in Fighting
 48958 | Vaults:3 | Received a gift from Trog
 49241 | Vaults:3 | Noticed Mennas
 49262 | Vaults:3 | Slain by an ettin

Levels and vault maps discovered:
D:1:      sevenhm_arrival_forest_fort_large_4, layout_basic, minmay_tetromino_l4
D:2:      layout_basic, first_ration, minmay_strange_pillars
D:3:      layout_basic, old_standard_altar
D:4:      layout_loops_ring, tso_oasis_becter,
          eino_small_chamber_without_monster, chequers_serial_rivers_large_a
D:5:      layout_loops_cross, temple_pool_b, serial_rivers,
          chequers_serial_rivers_micro_a, chequers_serial_rivers_small_b,
          chequers_serial_rivers_small_3, chequers_serial_rivers_micro_e,
          chequers_serial_rivers_room_b, chequers_serial_rivers_micro_a,
          uniq_pikel, uniq_grinder
D:6:      layout_basic, amethyst_overflow_temple_binary, hangedman_decor_lopped,
          chequers_serial_rivers_micro_c, sword_in_stone, uniq_duvessa
D:7:      layout_basic, serial_corexii_hall, corexii_hall_statues_i,
          chequers_hall_statues_corner_a, chequers_ossuary_entry_cave,
          uniq_crazy_yiuf_cottage
D:8:      layout_gridville, erik_lair_orcish_takeover, uniq_psyche
D:9:      layout_loops_corners, grunt_temple_overflow_bloody_war
D:10:     minmay_the_grid_triangle_9x9_rhombus_thin_mashed
          [minmay_the_grid_triangle_9x9_limited_checkers,
          minmay_the_grid_triangle_9x9_prize_schism,
          minmay_the_grid_triangle_9x9_windchime,
          minmay_the_grid_triangle_9x9_corruption], layout_basic, orc_0_dummy,
          special_room [special_room_bee]
D:11:     layout_roguey
D:12:     due_megacathedral, layout_rooms, serial_co_window_serial,
          co_window_of_opportunity_a, co_window_of_opportunity_a,
          co_window_of_opportunity_a, co_window_of_opportunity_a,
          co_window_paths_a, co_window_paths_a, co_window_2corner,
          co_window_unsneaky_path_c, co_window_2corner, co_window_paths_e,
          glass_columns_b
D:13:     cheibrodos_orc_bank, layout_stronghold, erik_vaults_2, basic_altar
D:14:     layout_basic, hangedman_ranch [blue_anna_fruit_fields]
D:15:     gammafunk_enter_depths_forms, layout_basic, serial_rivers,
          chequers_serial_rivers_room_b, chequers_serial_rivers_micro_e,
          chequers_serial_rivers_micro_d, chequers_serial_rivers_micro_e,
          chequers_serial_rivers_micro_d, nicolae_dithmenos_the_darkroom,
          einodemon_armed_red_devil_minivault
Lair:1:   layout_loops_ring, lemuel_fruit_tree
Lair:2:   layout_cave_pods, spider_nest_entry_a
Lair:3:   layout_chaotic_city, uniq_nergalle
Lair:4:   layout_roguey [special_room_mythical_zoo], elwin_shoals_entry_rooms
Lair:5:   layout_cave_shapes, slime_altar_2, serial_rivers,
          chequers_serial_rivers_room_a, chequers_serial_rivers_marsh,
          chequers_serial_rivers_marsh, chequers_serial_rivers_marsh,
          grunt_megastairs_3
Lair:6:   grunt_lair_end_beastmaster, layout_cave_shapes, special_room
          [special_room_mythical_zoo], uniq_urug
Spider:1: layout_chambers, drop_trap, uniq_agnes
Spider:2: layout_spider_delve, uniq_nikola
Spider:3: layout_spider_delve
Spider:4: spider_rune_water, ebering_ghost_reflecting_pool, drop_trap,
          uniq_donald, uniq_arachne
Orc:1:    layout_caves, hangedman_minor_magic, uniq_erolcha, uniq_gastronok
Orc:2:    grunt_orc_community_town_hall, layout_caves,
          grunt_orc_community_big_house_2, grunt_orc_community_big_house_1,
          grunt_orc_community_house_2, grunt_orc_community_house_1,
          grunt_orc_community_house_3, grunt_orc_community_house_2, uniq_nessos
Elf:1:    layout_loops_corners, serial_shops, shop, orc_legates,
          grunt_megastairs_2, minmay_shop_grove
Elf:2:    layout_geoelf_diagonals, ebering_ghost_reflecting_pool,
          portal_ice_cave_entry_pillars_three, basic_altar
Elf:3:    grunt_elf_hall_diamonds, layout_geoelf_diagonals
Vaults:1: nicolae_vaults_what_the_h, nicolae_vaults_quartermaster,
          nicolae_vaults_arrows, v_misc_8, nicolae_vaults_ring_of_whatevers,
          hangedman_vaults_slice, ontoclasm_vaults_idyll,
          hangedman_vaults_pinch, nicolae_vaults_network_periphery, v_pattern_3,
          vaults_room_pool, nicolae_vaults_asterisk, vaults_dpeg_diagonal,
          grunt_vaults_hallway_short, layout_vaults_omnicross
Vaults:2: hangedman_vaults_unwind, hangedman_vaults_variations, st_star,
          hangedman_vaults_trim, nicolae_vaults_little_squares_3,
          vaults_room_semicircle, ontoclasm_vaults_gateway,
          grunt_vaults_hallway_long, vaults_room_semicircle,
          layout_vaults_chaotic_city, basic_altar, serial_shops,
          nicolae_shop_stone
Vaults:3: grunt_vaults_swirl, vaults_mumra_chevron,
          nicolae_vaults_specimen_jars, v_misc_22, v_misc_17,
          minmay_crypt_entry_simple_box, vaults_room_fours, v_misc_17,
          v_alt_pattern_4, nicolae_vaults_network_quinsquares
          [nicolae_vaults_network_quincunx_subvault,
          nicolae_vaults_network_quincunx_subvault,
          nicolae_vaults_network_quincunx_subvault,
          nicolae_vaults_network_quincunx_subvault], ontoclasm_vaults_fault,
          vaults_standard_mumra_enter_the_diamond,
          nicolae_vaults_diagonal_hallway_7, grunt_vaults_funnel,
          nicolae_vaults_circle_grid_a, layout_vaults_maze, uniq_mennas

Skill      XL: |  1  2  3  4  5  6  7  8  9 10 11 12 13 14 15 16 17 18 19 20 |
---------------+-------------------------------------------------------------+-----
Axes           | 3 4 6 7 8 9 10 11 14 15 16 18 | 18.5
Dodging        | 2 |  2.2
Armour         | 2 3 4 6 8 9 10 11 12 13 14 | 14.7
Fighting       | 5 6 7 9 10 11 12 13 14 15 | 15.3
Evocations     | 1 2 3 5 6 8 9 10 11 12 | 12.6
Shields        | 1 6 8 10 11 12 14 15 | 15.0
Throwing       | 1 |  1.0
Maces & Flails | 1 6 8 9 |  9.1
Stealth        | 1 3 5 |  5.9

Action                   |  1- 3 |  4- 6 |  7- 9 | 10-12 | 13-15 | 16-18 | 19-21 || total
-------------------------+-------+-------+-------+-------+-------+-------+-------++-------
Melee: Hand axe          |    90 |   202 |       |       |       |       |       ||   292
       Flail             |       |    22 |   385 |   868 |   559 |   831 |       ||  2665
       Mace              |       |       |       |       |    64 |     3 |       ||    67
       Broad axe         |       |       |       |       |   241 |   232 |   863 ||  1336
       War axe           |       |       |       |       |   639 |   604 |       ||  1243
Throw: Dart              |       |       |     1 |    16 |       |       |       ||    17
Invok: Berserk           |     1 |     3 |     8 |    11 |     8 |     6 |     1 ||    38
       Trog's Hand       |       |     1 |    11 |    10 |    12 |     8 |       ||    42
       Brothers in Arms  |       |       |       |     1 |     2 |     7 |       ||    10
Evoke: Wand              |       |       |     3 |     9 |     1 |    17 |       ||    30
       Lamp of fire      |       |       |       |     1 |     1 |     1 |       ||     3
       Lightning rod     |       |       |       |       |     4 |     4 |       ||     8
       Sack of spiders   |       |       |       |       |       |     1 |       ||     1
  Use: Potion            |       |       |     3 |     5 |     4 |     3 |       ||    15
       Scroll            |       |       |    11 |     8 |    17 |    10 |     5 ||    51
 Stab: Paralysed         |       |       |     3 |       |     3 |       |       ||     6
       Invisible         |       |       |       |     3 |       |       |       ||     3
       Sleeping          |       |       |       |     1 |    32 |    20 |    11 ||    64
       Distracted        |       |       |       |       |     1 |     4 |     2 ||     7
       Petrified         |       |       |       |       |     8 |       |       ||     8
  Eat: Chunk             |     1 |    12 |    17 |    26 |    42 |    30 |    16 ||   144
       Ration            |       |       |     3 |     5 |     5 |     7 |     1 ||    21
Armor: Animal skin       |     9 |       |       |       |       |       |       ||     9
       Scale mail        |    21 |    80 |   254 |   328 |       |       |       ||   683
       Ring mail         |     1 |       |       |       |       |       |       ||     1
       Shadow dragon sca |       |       |       |    13 |   884 |   747 |   249 ||  1893
Dodge: Dodged            |    51 |   100 |   251 |   265 |   411 |   349 |   113 ||  1540
Block: Shield            |       |       |    69 |   488 |   902 |  1316 |   562 ||  3337
       Reflection        |       |       |       |       |       |    23 |    77 ||   100

Table legend:
 A = Non-vault XP
 B = Vault XP
 C = Vault XP percentage of total XP
 D = Non-vault monster count
 E = Vault monster count
 F = Vault count percentage of total count
                 A         B        C        D         E       F
            +---------+---------+-------+---------+---------+-------
      Total |  282773 |  252679 |  47.2 |     937 |     576 |  38.1
            +---------+---------+-------+---------+---------+-------
        D:1 |      27 |       7 |  20.6 |      15 |       3 |  16.7
        D:2 |     106 |       0 |   0.0 |      17 |       0 |   0.0
        D:3 |      58 |       0 |   0.0 |      16 |       0 |   0.0
        D:4 |     351 |       0 |   0.0 |      20 |       0 |   0.0
        D:5 |    1559 |     992 |  38.9 |      23 |       2 |   8.0
        D:6 |     785 |     630 |  44.5 |      21 |       7 |  25.0
        D:7 |     548 |      41 |   7.0 |      23 |       1 |   4.2
        D:8 |    2164 |     992 |  31.4 |      34 |       8 |  19.0
        D:9 |    3845 |     136 |   3.4 |      25 |       1 |   3.8
       D:10 |    4069 |    3751 |  48.0 |      33 |      34 |  50.7
       D:11 |    2995 |       0 |   0.0 |      23 |       0 |   0.0
       D:12 |    3553 |    1807 |  33.7 |      31 |       6 |  16.2
       D:13 |   11822 |    8774 |  42.6 |      37 |      27 |  42.2
       D:14 |    5424 |    2185 |  28.7 |      25 |       8 |  24.2
       D:15 |   11264 |    5816 |  34.1 |      29 |      14 |  32.6
     Lair:1 |    3578 |       0 |   0.0 |      14 |       0 |   0.0
     Lair:2 |    2383 |     518 |  17.9 |       7 |       2 |  22.2
     Lair:3 |    1230 |     812 |  39.8 |       8 |       1 |  11.1
     Lair:4 |    5667 |    6805 |  54.6 |      21 |      26 |  55.3
     Lair:5 |     579 |    2085 |  78.3 |       4 |       5 |  55.6
     Lair:6 |    9579 |   17604 |  64.8 |      29 |      45 |  60.8
   Spider:1 |   18086 |    2135 |  10.6 |      57 |       1 |   1.7
   Spider:2 |    8101 |    3401 |  29.6 |      27 |       1 |   3.6
   Spider:3 |   17349 |       0 |   0.0 |      39 |       0 |   0.0
   Spider:4 |   12855 |   29707 |  69.8 |      21 |      44 |  67.7
      Orc:1 |    2551 |    4733 |  65.0 |      26 |      19 |  42.2
      Orc:2 |    3571 |    9996 |  73.7 |      38 |      67 |  63.8
      Elf:1 |   23825 |   14605 |  38.0 |      42 |      34 |  44.7
      Elf:2 |   14890 |   27700 |  65.0 |      25 |      31 |  55.4
      Elf:3 |   18485 |   39836 |  68.3 |      33 |      27 |  45.0
   Vaults:1 |   26048 |   36923 |  58.6 |      41 |      74 |  64.3
   Vaults:2 |   46160 |   22994 |  33.3 |      95 |      27 |  22.1
   Vaults:3 |   19266 |    7419 |  27.8 |      38 |      14 |  26.9
    Ossuary |       0 |     275 | 100.0 |       0 |      47 | 100.0
            +---------+---------+-------+---------+---------+-------
